 Dungeon Crawl Stone Soup version 0.31-a0-1009-g454b1f1e0a (webtiles) character file.

Game seed: 16027360605041209013

7080 Frqise the Carver (level 10, -2/91 HPs)
             Began as a Minotaur Berserker on Nov 18, 2022.
             Was an Elder of Trog.
             Slain by a two-headed ogre
             ... wielding a +0 giant spiked club
              (13 damage)
             ... on level 11 of the Dungeon on Nov 15, 2023.
             The game lasted 00:17:35 (8051 turns).

Frqise the Carver (Minotaur Berserker)              Turns: 8051, Time: 00:17:36

Health: -2/91      AC: 14    Str: 26    XL:     10   Next: 84%
Magic:  9/9        EV: 13    Int:  4    God:    Trog [****..]
Gold:   632        SH:  0    Dex: 10    Spells: 9/9 levels left

rFire   x . .        j - +6 great sword (elec)
rCold   + . .        (shield currently unavailable)
rNeg    . . .        o - +0 plate armour
rPois   .            (helmet restricted)
rElec   .            (no cloak)
rCorr   .            (no gloves)
SInv    .            (no boots)
Will    .....        (no amulet) Stlth
                     s - +5 ring of evasion
HPRegen 0.35/turn    A - ring of ice
MPRegen 0.11/turn

%: no passive effects
@: on berserk cooldown, slowed, very slow
A: horns 2, retaliatory headbutt
a: Renounce Religion, Berserk, Trog's Hand, Brothers in Arms


You were on level 11 of the Dungeon.
You worshipped Trog.
Trog was greatly pleased with you.
You visited 1 branch of the dungeon, and saw 10 of its levels.

You collected 632 gold pieces.

Inventory:

Hand Weapons
 j - a +6 great sword of electrocution (weapon)
Missiles
 i - 20 poisoned darts
Armour
 o - a +0 plate armour (worn)
Jewellery
 n - a +6 ring of dexterity
 s - a +5 ring of evasion (left hand)
 v - a ring of protection from fire
 A - a ring of ice (right hand)
 B - an amulet of magic regeneration
 E - a ring of fire
Talismans
 r - a serpent talisman
Wands
 l - a wand of mindburst (8)
 D - a wand of quicksilver (6)
Scrolls
 a - a scroll of enchant armour {unknown}
 c - a scroll of fear
 d - 6 scrolls of identify
 e - 3 scrolls of immolation
 f - a scroll of silence
 h - 2 scrolls of amnesia
 k - 3 scrolls of torment {unknown}
 p - 3 scrolls of fog {unknown}
 x - 4 scrolls of teleportation {unknown}
 y - a scroll of poison {unknown}
 z - a scroll of blinking {unknown}
Potions
 b - 2 potions of attraction {unknown}
 g - 2 potions of might {unknown}
 m - a potion of berserk rage {unknown}
 q - a potion of magic {unknown}
 t - 3 potions of curing {unknown}
 u - 3 potions of brilliance {unknown}
 w - a potion of heal wounds {unknown}
 C - a potion of degeneration {unknown}
 F - a potion of lignification {unknown}


   Skills:
 + Level 9.0 Fighting
 + Level 14.3 Long Blades
 + Level 4.8 Axes
 + Level 10.3 Armour
 + Level 3.2 Dodging
 + Level 0.8 Stealth


You had 9 spell levels left.
You didn't know any spells.
Your spell library contained the following spells:

 Spells                   Type           Power      Damage    Failure   Level
 Summon Small Mammal      Summ           0%         N/A       99%         1
 Call Canine Familiar     Summ           0%         N/A       100%        3
 Summon Guardian Golem    Hex/Summ       0%         N/A       100%        3


Dungeon Overview and Level Annotations

Branches:
Dungeon (11/15)            Temple (0/1) D:6             Orc (0/2) D:11
   Lair: D:8-11

Altars:
Cheibriados
Qazlal
Trog
Xom

Shops:
D:4 (


Innate Abilities, Weirdness & Mutations

You have a pair of horns on your head.
You reflexively headbutt those who attack you in melee.


Message History

You slice the yak!!
The yak is almost dead.
The orc warrior barely misses you. The yak closely misses you.
The yak barely misses you.
You slice the yak!!
You kill the yak!
Trog accepts your kill.
You slice the yak!!
The yak is severely wounded.
The orc warrior hits you with a +0 flail.
* * * LOW HITPOINT WARNING * * *
The yak misses you.
You slice the yak like a ripe choko!!! Lightning courses through the yak!
You kill the yak!
Trog accepts your kill.
Your Fighting skill increases to level 9!
You are no longer berserk.
You are exhausted.
You feel yourself slow down.
The orc warrior hits you with a +0 flail.
* * * LOW HITPOINT WARNING * * *
The orc hits you with a +0 flail.
* * * LOW HITPOINT WARNING * * *
Things that are here:
a yak corpse; a yak corpse
As you read the scroll of fear, it crumbles to dust.
You assume a fearsome visage.
The orc warrior resists with some effort.
The orc looks frightened!
The orc warrior looks frightened!
The two-headed ogre resists with some effort.
The two-headed ogre barely misses you.
The two-headed ogre completely misses you.
The orc warrior hits you with a +0 war axe.
* * * LOW HITPOINT WARNING * * *
The orc warrior hits you with a +0 war axe.
* * * LOW HITPOINT WARNING * * *
The two-headed ogre attacks as it pursues you!
The two-headed ogre misses you.
The two-headed ogre hits you with a +0 giant spiked club!
You die...

.## .......
####..### ..[....
#.......# .......##
#.......# ..>.....#
#.......###
....o...# #.........
........####.......#
.......†##)[....)..#
.......O@..#..>....#
......o.####.......#
......o.# #.....(.#
#.+###### ####..###
# ###.### #.....#
#.....# .
#.....###..#
###..)).....#


You could see a two-headed ogre, 2 orc warriors and an orc (fleeing).

Vanquished Creatures
  A two-headed ogre (D:10)
  2 trolls
  Grinder (D:4)
  A hornet (D:7)
  2 wraiths (D:10)
  A vampire (D:11)
  A wyvern (D:7)
  10 yaks
  3 vampire mosquitoes (D:10)
  A steam dragon (D:5)
  Grum (D:10)
  Menkaure (D:4)
  An acid dragon (D:7)
  3 water moccasins (D:6)
  3 sky beasts (D:7)
  3 orc warriors
  2 ogres
  3 centaurs
  4 wolves (D:10)
  3 phantoms (D:4)
  2 kobold brigands
  2 scorpions
  A jelly (D:3)
  3 orc priests
  3 hounds (D:5)
  6 iguanas
  4 orc wizards
  Natasha (D:4)
  Robin (D:3)
  6 gnolls
  4 adders
  A white imp (D:6)
  4 dart slugs
  A worm (D:2)
  36 orcs
  6 ball pythons
  2 endoplasms
  2 giant cockroaches
  16 goblins
  8 hobgoblins
  6 quokkas
  6 bats
  6 frilled lizards
  11 kobolds
  6 rats
191 creatures vanquished.

Notes
Turn   | Place    | Note
-------+----------+-------------------------------------------
     0 | D:1      | Frqise the Minotaur Berserker began the quest for the Orb.
     0 | D:1      | Reached XP level 1. HP: 19/19 MP: 0/0
    54 | D:1      | Reached XP level 2. HP: 23/27 MP: 1/1
    54 | D:1      | Upgraded the game from 0.30-a0-368-g86fb4627a9 to
                  | 0.31-a0-355-g57cb03d3e8
   103 | D:1      | Upgraded the game from 0.31-a0-355-g57cb03d3e8 to
                  | 0.31-a0-574-g69dc8cc98e
   287 | D:1      | Reached ** piety under Trog
   387 | D:1      | Reached XP level 3. HP: 33/33 MP: 2/2
  1016 | D:2      | Reached XP level 4. HP: 9/41 MP: 3/3
  1660 | D:3      | Reached skill level 1 in Long Blades
  1838 | D:3      | Reached skill level 2 in Long Blades
  1838 | D:3      | Reached XP level 5. HP: 43/47 MP: 4/4
  1877 | D:3      | Upgraded the game from 0.31-a0-574-g69dc8cc98e to
                  | 0.31-a0-1009-g454b1f1e0a
  1998 | D:3      | Found a shimmering altar of Xom.
  2161 | D:3      | Noticed Robin
  2170 | D:3      | Reached *** piety under Trog
  2183 | D:3      | Killed Robin
  2184 | D:3      | Reached skill level 5 in Fighting
  2358 | D:4      | Reached skill level 3 in Long Blades
  2464 | D:4      | Noticed Grinder
  2470 | D:4      | Killed Grinder
  2471 | D:4      | Reached skill level 5 in Long Blades
  2471 | D:4      | Reached XP level 6. HP: 45/56 MP: 5/5
  2633 | D:4      | Noticed Natasha
  2637 | D:4      | Killed Natasha
  2668 | D:4      | Reached skill level 6 in Long Blades
  2668 | D:4      | Reached XP level 7. HP: 54/61 MP: 6/6
  2668 | D:4      | Found a snail-covered altar of Cheibriados.
  2822 | D:4      | Found Vashrih's Antique Weapon Emporium.
  2833 | D:4      | Noticed Menkaure
  2838 | D:4      | Killed Menkaure
  3020 | D:4      | Found a bloodstained altar of Trog.
  3020 | D:4      | Found a stormy altar of Qazlal.
  3029 | D:4      | Reached skill level 7 in Long Blades
  3301 | D:5      | Entered Level 5 of the Dungeon
  3481 | D:5      | Reached XP level 8. HP: 61/70 MP: 7/7
  3565 | D:5      | Reached skill level 8 in Long Blades
  3565 | D:5      | Reached skill level 5 in Armour
  4181 | D:6      | Reached skill level 9 in Long Blades
  4780 | D:6      | Reached **** piety under Trog
  5151 | D:6      | Found a staircase to the Ecumenical Temple.
  5265 | D:7      | Reached skill level 10 in Long Blades
  5412 | D:7      | Reached XP level 9. HP: 34/78 MP: 8/8
  5724 | D:7      | Paralysed by a hornet for 1 turns
  5894 | D:7      | Reached skill level 11 in Long Blades
  6866 | D:8      | You fall into a shaft and drop 2 floors!
  6866 | D:10     | Entered Level 10 of the Dungeon
  6921 | D:10     | Noticed a two-headed ogre
  6930 | D:10     | Killed a two-headed ogre
  6931 | D:10     | Reached skill level 12 in Long Blades
  7116 | D:10     | Noticed a troll
  7122 | D:10     | Killed a troll
  7211 | D:10     | Reached XP level 10. HP: 88/88 MP: 9/9
  7486 | D:10     | Reached skill level 10 in Armour
  7489 | D:10     | Reached skill level 13 in Long Blades
  7795 | D:10     | Noticed Grum
  7804 | D:10     | Killed Grum
  7993 | D:11     | Found a staircase to the Orcish Mines.
  7993 | D:11     | Noticed a gargoyle
  8039 | D:11     | Noticed a two-headed ogre
  8041 | D:11     | Reached skill level 14 in Long Blades
  8051 | D:11     | Slain by a two-headed ogre

Illustrated notes

Levels and vault maps discovered:
D:1:      roderic_chinese_lattice_arrival, layout_rooms
D:2:      layout_basic, kennysheep_generic_room_3
D:3:      layout_basic, mainiacjoe_overflow_concentric_impassable, uniq_robin
D:4:      layout_loops_ring, nicolae_overflow_two_pavilions,
          overflow_temple_1_default, serial_shops, shop_coins, uniq_menkaure,
          uniq_natasha, uniq_grinder
D:5:      layout_basic, lemuel_flamethrower_1
D:6:      hellmonk_ruined_rings, layout_loops_ring, temple_hall_moat,
          nicolae_nh_ransacked_shop
D:7:      layout_loops_cross
D:8:      layout_cave_pools, makhleb_grotto_becter,
          mainiacjoe_overflow_catwalk_spiral, dpeg_lair_monsters, serial_shops,
          nicolae_shop_rolling_square, uniq_jeremiah
D:10:     layout_roguey [special_room_orc], uniq_grum
D:11:     layout_roguey, david_orc_3, tgw_fedhas

Skill      XL: |  1  2  3  4  5  6  7  8  9 10 |
---------------+-------------------------------+-----
Axes           | 4 |  4.8
Fighting       | 4 5 6 7 9 |  9.0
Long Blades    | 2 5 6 7 10 12 14 | 14.3
Dodging        | 3 |  3.2
Armour         | 3 4 6 8 10 | 10.3
Stealth        | |  0.8

Action                     |  1- 3 |  4- 6 |  7- 9 | 10-12 || total
---------------------------+-------+-------+-------+-------++-------
  Melee: Hand axe          |    33 |       |       |       ||    33
         Headbutt          |     6 |     7 |    15 |    19 ||    47
         Great sword       |    17 |    65 |   134 |   119 ||   335
 Invoke: Berserk           |       |       |     2 |     1 ||     3
         Trog's Hand       |       |       |     2 |       ||     2
    Use: Scroll            |     3 |       |     2 |     1 ||     6
         Potion            |       |       |     1 |       ||     1
 Armour: Animal skin       |     8 |       |       |       ||     8
         Leather armour    |     2 |     2 |       |       ||     4
         Plate armour      |       |    67 |   132 |    76 ||   275
  Dodge: Dodged            |    37 |    42 |    73 |    74 ||   226

Table legend: (Time is in decaauts)
 A = Elapsed time spent in this place.
 B = Non-inter-level travel time spent in this place.
 C = Inter-level travel time spent in this place.
 D = Time resting spent in this place.
 E = Time spent auto-exploring this place.
 F = Levels seen in this place.
 G = Mean time per level.
                   A        B        C        D        E       F      G
               +--------+--------+--------+--------+--------+-----+--------+
         Total |   8145 |   8145 |      0 |   1141 |   4771 |  10 |  814.5 |
       Dungeon |   8145 |   8145 |      0 |   1141 |   4771 |  10 |  814.5 |
               +--------+--------+--------+--------+--------+-----+--------+

Top non-repeatable levels by time:
     D:7: 1662 daAuts
     D:6: 1059 daAuts
    D:10: 990 daAuts
     D:2: 980 daAuts
     D:4: 957 daAuts
     D:5: 859 daAuts
     D:3: 715 daAuts
     D:1: 691 daAuts
    D:11: 210 daAuts
     D:8: 18 daAuts
